 Dungeon Sprint DCSS version 0.16-a0-3807-g3748f16 (webtiles) character file.

1196 BluebellGnoll the Unseen (level 8, -6/44 HPs)
             Began as a Spriggan Assassin on Jan 27, 2015.
             Was a Believer of Vehumet.
             Mangled by a hill giant
             ... wielding a cursed -3 giant club
              (38 damage)
             ... in the Dungeon (Sprint IX: "|||||||||||||||||||||||||||||").
             The game lasted 00:05:18 (529 turns).

BluebellGnoll the Unseen (Spriggan Assassin)         Turns: 529, Time: 00:05:19

Health: -6/44      AC:  5    Str:  7    XL:     8   Next: 20%
Magic:  16/16      EV: 31    Int: 14    God:    Vehumet [**....]
Gold:   0          SH:  0    Dex: 21    Spells: 2 memorised, 3 levels left

rFire  . . .     SeeInvis +     q - +2 rapier (venom)
rCold  . . .     Clarity  .     c - +0 robe
rNeg   . . .     SustAb   .     (shield restricted)
rPois  .         Gourm    .     (helmet restricted)
rElec  .         Spirit   .     d - +0 cloak
rCorr  .         Warding  .     (gloves unavailable)
rMut   .         NoTele   +     (boots unavailable)
MR     +....                    (no amulet)
Stlth  +++++++...               s - +2 ring of protection
                                r - +3 ring of dexterity

@: very quick, somewhat resistant to hostile enchantments, extremely stealthy
A: unfitting armour, see invisible, herbivore 3, speed 3, slow metabolism 2
a: Renounce Religion


You were in the Dungeon.
You worshipped Vehumet.
Vehumet was pleased with you.
You were not hungry.

You visited 1 branch

Inventory:

Hand weapons
 a - a +2 dagger
 b - a +0 blowgun
 q - a +2 rapier of venom (weapon)
Missiles
 e - 8 poisoned needles
 f - 2 curare-tipped needles
Armour
 c - a +0 robe (worn)
 d - a +0 cloak (worn)
Magical staves
 p - an uncursed staff of energy
Jewellery
 r - a +3 ring of dexterity (left hand)
 s - a +2 ring of protection (right hand)
Magical devices
 o - a wand of cold (5)
Scrolls
 l - 3 scrolls of remove curse
 m - 2 scrolls of blinking
 n - 2 scrolls of amnesia
Potions
 h - 5 potions of curing
 i - 3 potions of heal wounds
 j - a potion of invisibility
 k - 4 potions of magic
Comestibles
 g - a bread ration


   Skills:
 + Level 5.4 Fighting
 - Level 11.6 Short Blades
 - Level 2.1 Throwing
 - Level 12.3 Dodging
 - Level 15.5 Stealth


You had 3 spell levels left.
You knew the following spells:

 Your Spells              Type           Power        Failure   Level  Hunger
a - Flame Tongue          Conj/Fire      #....        30%         1    ##.....
b - Mephitic Cloud        Conj/Pois/Air  #.......     83%         3    ####...


Dungeon Overview and Level Annotations

Branches:
Dungeon (1/1)

Altars:
Cheibriados
Dithmenos
Elyvilon
Fedhas
Gozag
Kikubaaqudgha
Makhleb
Nemelex Xobeh
Okawaru
Qazlal
Ru
Sif Muna
Trog
Vehumet
Xom
Yredelemnul
Zin
The Shining One
Beogh
Jiyva
Lugonu


Innate Abilities, Weirdness & Mutations

You are tiny and cannot use many weapons and most armour.
You have supernaturally acute eyesight.
You are a herbivore.
You cover ground extremely quickly.
You need consume almost no food.


Message History

There is a snail-covered altar of Cheibriados here.
This spell is very dangerous to cast!
Memorise Mephitic Cloud, consuming 3 spell levels and leaving 3?
Vehumet grants you knowledge of Mephitic Cloud.
You start memorising the spell.
You continue memorising.
You continue memorising. x2
You finish memorising.
Spell assigned to 'b'.
There is a shadowy altar of Dithmenos here.
There is a stormy altar of Qazlal here.
You barely miss the hill giant.
The hill giant is heavily wounded.
There is a shadowy altar of Dithmenos here.
You hit the hill giant.
The hill giant is heavily wounded.
There is a snail-covered altar of Cheibriados here.
You puncture the hill giant!
The hill giant is poisoned.
The hill giant is severely wounded.
The hill giant hits you with a giant club!!!
Ouch! That really hurt!
You die... ▓▓▓▓▓▓▓▓▓▓▓▓▓▓▓▓▓▓▓▓▓▓▓▓▓▓▓▓▓▓▓▓▓ ________________@CC__O)..)[)[C.'. ▓▓▓▓▓▓▓▓▓▓▓▓▓▓▓▓▓▓▓▓▓▓▓▓▓▓▓▓▓▓▓▓▓

You could see 2 hill giants and an ogre.

Vanquished Creatures
  An unseen horror (D)
  A komodo dragon (D)
  An ice beast (D)
  An orc warrior (D)
  A sky beast (D)
  A wight (D)
  A jelly (D)
  An iguana (D)
  A worker ant (D)
  3 adders (D)
  A giant gecko (D)
  An ooze (D)
  A bat zombie (D)
  2 hobgoblins (D)
  2 rats (D)
19 creatures vanquished.

Notes
Turn   | Place    | Note
--------------------------------------------------------------
     0 | D        | BluebellGnoll, the Spriggan Assassin, began the quest for the Orb.
     0 | D        | Reached XP level 1. HP: 10/10 MP: 2/2
     6 | D        | Reached skill level 7 in Stealth
    14 | D        | Reached skill level 8 in Stealth
    29 | D        | Noticed an ice beast
    29 | D        | Noticed a worker ant
    35 | D        | Reached XP level 2. HP: 14/14 MP: 4/4
    54 | D        | Killed an ice beast
    54 | D        | Reached skill level 14 in Stealth
    54 | D        | Reached XP level 3. HP: 14/18 MP: 6/6
    54 | D        | Reached XP level 4. HP: 17/22 MP: 8/8
    64 | D        | Killed a worker ant
    64 | D        | Reached skill level 15 in Stealth
    64 | D        | Reached XP level 5. HP: 12/25 MP: 10/10
    74 | D        | Found a glowing silver altar of Zin.
    74 | D        | Found a glowing golden altar of the Shining One.
    74 | D        | Found an ancient bone altar of Kikubaaqudgha.
    74 | D        | Found a basalt altar of Yredelemnul.
    74 | D        | Found a shimmering altar of Xom.
    74 | D        | Found a radiant altar of Vehumet.
    74 | D        | Found an iron altar of Okawaru.
    75 | D        | Found a burning altar of Makhleb.
    76 | D        | Found a deep blue altar of Sif Muna.
    77 | D        | Found a bloodstained altar of Trog.
    78 | D        | Found a sparkling altar of Nemelex Xobeh.
    79 | D        | Found a white marble altar of Elyvilon.
    80 | D        | Found a roughly hewn altar of Beogh.
    81 | D        | Found a viscous altar of Jiyva.
    82 | D        | Became a worshipper of Vehumet
    83 | D        | Found a corrupted altar of Lugonu.
    84 | D        | Found a blossoming altar of Fedhas.
    85 | D        | Found a snail-covered altar of Cheibriados.
    86 | D        | Found a shadowy altar of Dithmenos.
    87 | D        | Found a stormy altar of Qazlal.
    88 | D        | Found an opulent altar of Gozag.
    89 | D        | Found a sacrificial altar of Ru.
   280 | D        | Noticed a sky beast
   280 | D        | Noticed an orc warrior
   280 | D        | Noticed an unseen horror
   280 | D        | Noticed an iguana
   282 | D        | Killed a sky beast
   291 | D        | Acquired Vehumet's first power
   291 | D        | Offered knowledge of Sting by Vehumet.
   321 | D        | Killed an orc warrior
   321 | D        | Reached XP level 6. HP: 21/30 MP: 12/12
   420 | D        | Killed an iguana
   421 | D        | Killed an unseen horror
   421 | D        | Reached XP level 7. HP: 33/33 MP: 14/14
   447 | D        | Noticed a komodo dragon
   447 | D        | Noticed a wight
   447 | D        | Noticed a hill giant
   447 | D        | Noticed a jelly
   447 | D        | Noticed a hill giant
   447 | D        | Noticed an ogre
   449 | D        | Killed a komodo dragon
   449 | D        | Reached XP level 8. HP: 36/42 MP: 16/16
   473 | D        | Killed a wight
   473 | D        | Offered knowledge of Flame Tongue by Vehumet.
   473 | D        | Reached skill level 5 in Fighting
   476 | D        | Learned a level 1 spell: Flame Tongue
   489 | D        | Killed a jelly
   489 | D        | Offered knowledge of Mephitic Cloud by Vehumet.
   523 | D        | Learned a level 3 spell: Mephitic Cloud
   529 | D        | Mangled by a hill giant

Action                   |  1- 3 |  4- 6 |  7- 9 || total
-------------------------+-------+-------+-------++-------
Melee: Dagger            |    30 |    24 |       ||    54
       Rapier            |       |     8 |    15 ||    23
 Fire: Blowgun           |       |     2 |       ||     2
Evoke: Wand              |       |     1 |     1 ||     2
  Use: Potion            |     2 |       |       ||     2
 Stab: Sleeping          |     3 |     2 |     1 ||     6
